 Dungeon Crawl Stone Soup version 0.27.1 (webtiles) character file.

Game seed: 672633838494922514

174 Destapler the Grave Robber (level 5, -3/43 HPs)
             Began as a Deep Dwarf Necromancer on Aug 24, 2021.
             Slain by a yak (9 damage)
             ... on level 5 of the Dungeon.
             The game lasted 00:13:28 (3851 turns).

Destapler the Grave Robber (Deep Dwarf Necromancer) Turns: 3851, Time: 00:13:28

Health: -3/43      AC:  3    Str: 11    XL:     5   Next: 28%
Magic:  2/8        EV: 12    Int: 17    God:
Gold:   274        SH:  5    Dex: 13    Spells: 4/8 levels left

rFire    . . .     SeeInvis .   e - +0 dagger
rCold    . . .     Faith    .   (no shield)
rNeg     . . .     Spirit   .   a - +0 robe
rPois    .         Reflect  +   (no helmet)
rElec    .         Harm     .   (no cloak)
rCorr    .         Rampage  .   p - +0 pair of gloves
Will     .....                  (no boots)
Stlth    ++........             h - amulet of reflection
HPRegen  0.00/turn              (no ring)
MPRegen  0.11/turn              (no ring)

@: no status effects
A: damage resistance, heal wounds, sense surroundings 1, no regeneration
a: Heal Wounds


You were on level 5 of the Dungeon.
You visited 1 branch of the dungeon, and saw 6 of its levels.

You collected 274 gold pieces.

Inventory:

Hand Weapons
 e - a +0 dagger (weapon)
Missiles
 i - 6 javelins
 o - 3 poisoned darts
Armour
 a - a +0 robe (worn)
 p - a +0 pair of gloves (worn)
Jewellery
 b - a +4 ring of protection
 h - an amulet of reflection (around neck)
Scrolls
 f - 2 scrolls of silence
 j - a scroll of summoning {unknown}
 k - a scroll of acquirement {unknown}
 m - a scroll of fog {unknown}
 q - 2 scrolls of enchant armour {unknown}
 s - a scroll of teleportation {unknown}
Potions
 c - a potion of haste {unknown}
 d - a potion of flight {unknown}
 g - 3 potions of curing {unknown}
 l - a potion of cancellation {unknown}
 n - a potion of degeneration {unknown}
 r - a potion of mutation {unknown}


   Skills:
 + Level 0.7 Fighting
 + Level 0.7 Throwing
 + Level 1.0 Armour
 + Level 2.6 Dodging
 - Level 3.0 Stealth
 + Level 2.0 Spellcasting
 - Level 6.1 Necromancy
 + Level 1.4 Invocations


You had 4 spell levels left.
You knew the following spells:

 Your Spells              Type           Power      Damage    Failure   Level
a - Pain                  Necr           88%        1d8       1%          1
b - Vampiric Draining     Necr           11%        2d7       4%          3

Your spell library contained the following spells:

 Spells                   Type           Power      Damage    Failure   Level
 Animate Skeleton         Necr           44%        N/A       1%          1
 Animate Dead             Necr           11%        N/A       16%         4
 Beastly Appendage        Tmut           2%         N/A       19%         1
 Wereblood                Tmut           1%         N/A       28%         2
 Spider Form              Tmut/Pois      0%         N/A       50%         3
 Agony                    Necr           22%        N/A       38%         5


Dungeon Overview and Level Annotations

Branches:
Dungeon (6/15)
 Temple: D:4-7

Altars:
Ashenzari
Zin


Innate Abilities, Weirdness & Mutations

You are resistant to damage.
You can heal yourself by infusing magical energy.
You passively map a small area around you.
You do not regenerate.


Message History

The yak gores you. The yak misses you. The yak barely misses you.
You climb upwards.
There is a stone staircase leading down here.
The yak barely misses you. The yak gores you. You block the yak's attack.
You throw a javelin. The javelin barely misses the yak.
The javelin pierces through the yak!
The yak is lightly wounded.
The javelin pierces through the yak!
The yak is moderately wounded.
The yak gores you!
* * * LOW HITPOINT WARNING * * *
The yak misses you.
You throw a javelin.
The javelin pierces through the yak but does no damage.
The javelin barely misses the yak.
The javelin pierces through the yak but does no damage.
The yak is moderately wounded.
The yak gores you!
* * * LOW HITPOINT WARNING * * *
You feel much better. The yak misses you.
The yak writhes in agony.
The yak gores you.
The yak writhes in agony.
The yak gores you!
* * * LOW HITPOINT WARNING * * *
The yak writhes in agony!
The yak closely misses you.
The yak writhes in agony.
The yak gores you!
* * * LOW HITPOINT WARNING * * *
You are too injured to fight recklessly!
Casting: Pain (safe; 1% risk of failure)
Confirm with . or Enter, or press ? or * to list all spells.
Aiming: Pain (safe; 1% risk of failure)
Press: ? - help, Shift-Dir - straight line, f/p - yak
Aim: a yak (heavily wounded, chance to affect: 81%)
The yak writhes in agony.
The yak barely misses you.
Casting: Pain (safe; 1% risk of failure)
Confirm with . or Enter, or press ? or * to list all spells.
Aiming: Pain (safe; 1% risk of failure)
Press: ? - help, Shift-Dir - straight line, f/p - yak
Aim: a yak (severely wounded, chance to affect: 81%)
The yak writhes in agony.
The yak gores you!
You die...

######.....# , * , *
##....# * * , #....#
*, , * , #....# ,, ,
,, ##...# ** * **
#...# #...# *
.###########...# ,
,.......@YYY...(# *
.###########.#.# , ,
,
.#.###...........#.#,
,
..........#..###Y#.#
# #. *#............>#
*, ,
..#.###.#######.....#
,
##......#.....#.###.#
....#...#.....#.# #.#
##......'.._..#.# #.#
, <


You could see 3 yaks.

Vanquished Creatures
  A hound (D:4)
  An orc wizard (D:3)
  A howler monkey skeleton (D:5)
  5 adders
  2 dart slugs
  5 orcs
  An endoplasm (D:1)
  A giant cockroach (D:2)
  3 hobgoblins
  3 kobolds
  4 quokkas
  12 ball pythons
  6 bats
  4 frilled lizards
  2 goblins
  6 rats
57 creatures vanquished.

Vanquished Creatures (others)
  2 plants (D:3)
2 creatures vanquished.

Grand Total: 59 creatures vanquished

Notes
Turn   | Place    | Note
-------+----------+-------------------------------------------
     0 | D:1      | Destapler the Deep Dwarf Necromancer began the quest for
                  | the Orb.
     0 | D:1      | Reached XP level 1. HP: 15/15 MP: 3/3
   369 | D:1      | Found a faded altar of an unknown god.
   376 | D:1      | Became a worshipper of Zin the Law-Giver
   376 | D:1      | Reached * piety under Zin
   377 | D:1      | Fell from the grace of Zin
   490 | D:1      | Reached XP level 2. HP: 22/22 MP: 0/4
   627 | D:1      | Reached skill level 5 in Necromancy
  1228 | D:2      | Reached XP level 3. HP: 26/28 MP: 1/5
  1232 | D:2      | Learned a level 3 spell: Vampiric Draining
  2100 | D:2      | Reached skill level 6 in Necromancy
  2660 | D:3      | Reached XP level 4. HP: 35/36 MP: 2/6
  3351 | D:3      | Reached skill level 1 in Invocations
  3527 | D:4      | Reached XP level 5. HP: 40/43 MP: 2/8
  3661 | D:4      | You fall into a shaft and drop 2 floors!
  3661 | D:6      | Found a sand-covered staircase.
  3668 | D:6      | Noticed a yak
  3668 | D:6      | Noticed a yak
  3668 | D:6      | Noticed a yak
  3668 | D:6      | Noticed a yak
  3668 | D:6      | Noticed a yak
  3669 | D:6      | Noticed a yak
  3671 | D:5      | Entered Level 5 of the Dungeon
  3672 | D:5      | Found a broken altar of Ashenzari.
  3741 | D:5      | Reached skill level 1 in Armour
  3851 | D:5      | Slain by a yak

Illustrated notes

Levels and vault maps discovered:
D:1:      nagdon_arrival_zigzag_paths, layout_basic,
          chequers_ecumenical_altar_simple, minmay_tromino_v4_c
D:2:      layout_basic, minmay_door_square, chequers_arboretum
D:3:      layout_basic, saegor_snake_ambush
D:4:      layout_basic, temple_hall, serial_curves, eino_curves_01,
          eino_curves_04, roderic_batcave, palyth_stone_intersect
D:5:      layout_basic, amcnicky_altar_gilded
D:6:      layout_rooms, nicolae_ossuary_entry_ruins

Skill      XL: |  1  2  3  4  5 |
---------------+----------------+-----
Necromancy     | 5 6 |  6.1
Invocations    | 1 |  1.4
Spellcasting   | 2 |  2.0
Armour         | 1 |  1.0
Stealth        | 3 |  3.0
Fighting       | |  0.7
Throwing       | |  0.7
Dodging        | |  2.6

Action                   |  1- 3 |  4- 6 || total
-------------------------+-------+-------++-------
Melee: Unarmed           |    14 |       ||    14
       Dagger            |    24 |    38 ||    62
Throw: Javelin           |       |     2 ||     2
 Cast: Pain              |    56 |    26 ||    82
       Vampiric Draining |    11 |     9 ||    20
Invok: Renounce Religion |     1 |       ||     1
 Abil: Heal Wounds       |       |     2 ||     2
  Use: Scroll            |       |     2 ||     2
 Stab: Sleeping          |     2 |       ||     2
Armor: Robe              |     7 |     6 ||    13
Dodge: Dodged            |    46 |    28 ||    74
Block: Other             |     5 |     9 ||    14
       Reflection        |       |     1 ||     1
